[ AOE2 MATCH · #505583922 ]
UnrankedDravidians vs Burgundians
Player's team · WIN
[ REPLAY ANALYSIS · EXTRACTED FROM THE RECORDED GAME ]
Feudal
10:41
Castle
20:07
Imperial
—
| APM avg | 61.9 |
| APM peak | 96 |
| eAPM avg | 21.1 |
| Villagers / military | 110 / 91 |
Focus
⚔️ 31.0% · 🌾 69.0%
Elephant Archer ×75 · Archer ×9 · Monk ×3 · Militia ×2 · Spearman ×2
Feudal
9:26
Castle
19:50
Imperial
—
| APM avg | 43.1 |
| APM peak | 124 |
| eAPM avg | 19.9 |
| Villagers / military | 116 / 131 |
Focus
⚔️ 35.6% · 🌾 64.4%
Knight ×114 · Monk ×9 · Scout Cavalry ×8
Match map
Initial resources + every placement click. Lines = walls · curves = elevation contours. ◆ gold · ⬟ stone · ● berries · ✦ relic · ◌ wall gap
Your base· ✓ Closed at 20:07 · 33t walls · 1 gate(s)
Redwood MC9's base· ✓ Closed at 19:50 · 39t walls · 1 gate(s)
Smoothed initial terrain · ◌ = detected wall gap · hover for details
Inputs per minute
— DS_Nexus - - Redwood MC9
Build order — DS_Nexus
First 150 of 325 actions detected
| 0:01 | Queue | Villager (Male) ×4 |
| 0:03 | Build | House |
| 0:04 | Build | House |
| 1:40 | Queue | Villager (Male) |
| 2:03 | Queue | Villager (Male) |
| 2:26 | Build | Lumber Camp |
| 2:29 | Queue | Villager (Male) |
| 2:52 | Queue | Villager (Male) |
| 3:16 | Queue | Villager (Male) |
| 3:38 | Queue | Villager (Male) |
| 3:50 | Build | House |
| 3:51 | Build | House |
| 4:01 | Queue | Villager (Male) |
| 4:23 | Queue | Villager (Male) |
| 4:27 | Queue | Villager (Male) |
| 4:58 | Build | Barracks |
| 5:06 | Queue | Villager (Male) |
| 5:21 | Queue | Villager (Male) |
| 5:31 | Build | House |
| 5:59 | Queue | Villager (Male) |
| 6:09 | Queue | Militia |
| 6:24 | Queue | Militia |
| 6:38 | Queue | Villager (Male) |
| 6:43 | Build | Mill |
| 7:08 | Queue | Villager (Male) |
| 7:34 | Queue | Villager (Male) |
| 7:44 | Build | House |
| 7:58 | Research | Loom |
| 8:07 | Build | Palisade Wall |
| 8:17 | Build | Mining Camp |
| 8:32 | Research | Feudal Age |
| 8:32 | Research | Feudal Age |
| 9:05 | Build | Mill |
| 10:14 | Queue | Villager (Male) |
| 10:15 | Queue | Villager (Male) |
| 10:26 | Build | House |
| 10:41 | Age | Feudal Age |
| 10:45 | Queue | Villager (Male) |
| 10:54 | Build | House |
| 11:15 | Queue | Villager (Male) |
| 11:26 | Build | Archery Range |
| 11:28 | Queue | Spearman |
| 11:32 | Build | House |
| 11:37 | Build | Palisade Gate |
| 11:40 | Queue | Spearman |
| 11:42 | Build | Palisade Wall |
| 11:51 | Build | Palisade Wall |
| 12:03 | Build | Farm |
| 12:16 | Build | Palisade Wall |
| 12:22 | Build | Farm |
| 12:23 | Build | Farm |
| 12:23 | Queue | Villager (Male) |
| 12:39 | Queue | Archer |
| 12:39 | Queue | Archer |
| 12:41 | Build | Farm |
| 12:43 | Queue | Villager (Male) |
| 12:45 | Build | Farm |
| 12:56 | Build | Farm |
| 13:14 | Queue | Villager (Male) |
| 13:15 | Build | Farm |
| 13:17 | Queue | Archer |
| 13:28 | Queue | Archer |
| 13:30 | Build | Farm |
| 13:31 | Queue | Villager (Male) |
| 13:33 | Build | Palisade Wall |
| 13:44 | Build | Farm |
| 13:48 | Build | House |
| 13:56 | Build | Palisade Wall |
| 13:58 | Queue | Villager (Male) |
| 14:27 | Build | Farm |
| 14:29 | Queue | Villager (Male) |
| 14:49 | Build | Farm |
| 14:53 | Queue | Villager (Male) |
| 14:59 | Build | Farm |
| 15:04 | Build | House |
| 15:16 | Queue | Archer |
| 15:16 | Queue | Archer |
| 15:17 | Queue | Villager (Male) |
| 15:20 | Build | House |
| 15:41 | Build | Farm |
| 15:42 | Queue | Villager (Male) |
| 15:54 | Queue | Archer |
| 15:55 | Queue | Villager (Male) |
| 16:05 | Build | House |
| 16:26 | Queue | Villager (Male) |
| 16:32 | Build | Blacksmith |
| 16:50 | Build | House |
| 17:02 | Queue | Villager (Male) |
| 17:23 | Research | Castle Age |
| 17:25 | Build | House |
| 17:35 | Build | Archery Range |
| 18:10 | Research | Horse Collar |
| 18:18 | Research | Gold Mining |
| 18:18 | Research | Gold Mining |
| 18:31 | Queue | Archer |
| 18:47 | Research | Fletching |
| 18:52 | Build | Lumber Camp |
| 19:11 | Queue | Archer |
| 19:16 | Queue | Villager (Male) |
| 19:16 | Queue | Villager (Male) |
| 20:07 | Age | Castle Age |
| 20:12 | Research | Crossbowman (upgrade) |
| 20:12 | Research | Bodkin Arrow |
| 20:15 | Build | Town Center |
| 20:27 | Research | Double-Bit Axe |
| 20:27 | Research | Double-Bit Axe |
| 21:00 | Queue | Villager (Male) |
| 21:09 | Queue | Elephant Archer |
| 21:10 | Queue | Elephant Archer |
| 21:15 | Build | Farm |
| 21:20 | Queue | Villager (Male) |
| 21:22 | Queue | Villager (Male) |
| 21:31 | Build | Farm |
| 21:33 | Build | Farm |
| 21:38 | Build | Farm |
| 21:41 | Queue | Villager (Male) |
| 21:45 | Build | Stable |
| 21:49 | Queue | Elephant Archer |
| 21:51 | Build | Farm |
| 21:52 | Build | Farm |
| 22:01 | Build | Farm |
| 22:02 | Build | Farm |
| 22:21 | Queue | Villager (Male) |
| 22:24 | Build | Farm |
| 22:40 | Research | Husbandry |
| 22:40 | Research | Husbandry |
| 22:49 | Queue | Villager (Male) |
| 23:02 | Queue | Elephant Archer |
| 23:05 | Build | Market |
| 23:06 | Build | Farm |
| 23:07 | Build | Farm |
| 23:08 | Queue | Villager (Male) |
| 23:16 | Build | Farm |
| 23:17 | Build | Farm |
| 23:19 | Queue | Villager (Male) |
| 23:35 | Queue | Villager (Male) |
| 23:40 | Queue | Elephant Archer |
| 23:51 | Build | Archery Range |
| 23:55 | Queue | Villager (Male) |
| 23:59 | Build | Farm |
| 24:01 | Build | Farm |
| 24:04 | Queue | Villager (Male) |
| 24:16 | Research | Bow Saw |
| 24:19 | Queue | Elephant Archer |
| 24:20 | Queue | Elephant Archer |
| 24:20 | Queue | Villager (Male) |
| 24:24 | Queue | Villager (Male) |
| 24:25 | Queue | Villager (Male) |
| 24:27 | Build | Farm |
| 24:30 | Build | Farm |
Build order — Redwood MC9
First 150 of 308 actions detected
| 0:00 | Queue | Villager (Male) |
| 0:01 | Queue | Villager (Male) |
| 0:02 | Build | House |
| 0:03 | Build | House |
| 0:28 | Queue | Villager (Male) |
| 0:28 | Queue | Villager (Male) |
| 1:08 | Queue | Villager (Male) |
| 1:09 | Queue | Villager (Male) |
| 1:45 | Build | House |
| 1:47 | Build | Lumber Camp |
| 1:57 | Queue | Villager (Male) |
| 1:58 | Queue | Villager (Male) |
| 2:19 | Build | Palisade Wall |
| 2:19 | Build | Palisade Wall |
| 2:27 | Queue | Villager (Male) |
| 2:27 | Queue | Villager (Male) |
| 2:44 | Queue | Villager (Male) |
| 3:04 | Queue | Villager (Male) |
| 3:04 | Queue | Villager (Male) |
| 3:37 | Queue | Villager (Male) |
| 4:07 | Queue | Villager (Male) |
| 4:07 | Queue | Villager (Male) |
| 4:22 | Queue | Villager (Male) |
| 4:24 | Queue | Villager (Male) |
| 4:24 | Queue | Villager (Male) |
| 4:58 | Queue | Villager (Male) |
| 4:59 | Queue | Villager (Male) |
| 5:15 | Build | Mill |
| 5:16 | Build | Palisade Wall |
| 5:22 | Queue | Villager (Male) |
| 5:24 | Queue | Villager (Male) |
| 6:03 | Build | House |
| 6:04 | Build | Palisade Wall |
| 6:22 | Build | Palisade Wall |
| 6:30 | Research | Loom |
| 6:37 | Build | House |
| 6:39 | Build | Palisade Wall |
| 7:16 | Research | Feudal Age |
| 7:49 | Build | House |
| 7:50 | Build | Palisade Wall |
| 8:27 | Build | Palisade Wall |
| 8:28 | Build | Palisade Wall |
| 8:42 | Queue | Villager (Male) |
| 8:47 | Research | Double-Bit Axe |
| 9:15 | Build | Barracks |
| 9:26 | Age | Feudal Age |
| 9:32 | Queue | Villager (Male) |
| 9:57 | Build | Stable |
| 10:02 | Queue | Villager (Male) |
| 10:14 | Build | Palisade Gate |
| 10:33 | Queue | Villager (Male) |
| 10:35 | Research | Horse Collar |
| 10:40 | Queue | Scout Cavalry ×2 |
| 10:49 | Queue | Villager (Male) |
| 10:52 | Build | House |
| 11:19 | Build | Palisade Wall |
| 11:24 | Build | Farm |
| 11:34 | Build | House |
| 11:35 | Build | Palisade Wall |
| 11:36 | Queue | Villager (Male) |
| 11:47 | Queue | Scout Cavalry |
| 11:52 | Queue | Villager (Male) |
| 11:57 | Build | Farm |
| 11:59 | Build | Farm |
| 12:09 | Queue | Scout Cavalry |
| 12:11 | Queue | Villager (Male) |
| 12:15 | Build | Farm |
| 12:28 | Build | Farm |
| 12:30 | Build | Farm |
| 12:43 | Queue | Villager (Male) |
| 12:50 | Queue | Villager (Male) |
| 12:56 | Build | Farm |
| 12:59 | Build | Farm |
| 13:15 | Build | Farm |
| 13:22 | Queue | Scout Cavalry |
| 13:23 | Build | Farm |
| 13:32 | Build | Farm |
| 13:37 | Queue | Villager (Male) |
| 13:53 | Build | Farm |
| 14:09 | Queue | Villager (Male) |
| 14:12 | Build | Farm |
| 14:15 | Build | Farm |
| 14:29 | Queue | Villager (Male) |
| 14:42 | Queue | Villager (Male) |
| 14:44 | Build | Farm |
| 15:06 | Build | Blacksmith |
| 15:18 | Queue | Villager (Male) |
| 15:28 | Build | Mining Camp |
| 15:47 | Queue | Villager (Male) |
| 16:10 | Queue | Villager (Male) |
| 16:15 | Build | Lumber Camp |
| 16:26 | Queue | Villager (Male) |
| 16:45 | Build | Farm |
| 16:52 | Build | House |
| 16:54 | Build | House |
| 16:58 | Build | House |
| 17:10 | Research | Castle Age |
| 17:13 | Build | Farm |
| 17:33 | Build | Farm |
| 17:36 | Build | Farm |
| 17:40 | Build | Farm |
| 17:47 | Research | Bow Saw |
| 18:11 | Research | Heavy Plow |
| 18:23 | Research | Forging |
| 18:38 | Queue | Villager (Male) |
| 18:43 | Research | Gold Mining |
| 19:33 | Build | Stable |
| 19:39 | Research | Scale Barding Armor |
| 19:50 | Age | Castle Age |
| 19:52 | Queue | Villager (Male) |
| 19:57 | Build | Town Center |
| 20:03 | Queue | Knight |
| 20:05 | Queue | Knight ×2 |
| 20:05 | Queue | Knight ×2 |
| 20:45 | Queue | Knight ×4 |
| 20:45 | Queue | Knight ×4 |
| 21:11 | Queue | Knight |
| 21:13 | Queue | Villager (Male) |
| 21:23 | Build | Town Center |
| 21:40 | Queue | Villager (Male) |
| 21:41 | Queue | Villager (Male) |
| 22:02 | Queue | Villager (Male) |
| 22:07 | Research | Chain Barding Armor |
| 22:25 | Queue | Villager (Male) |
| 22:25 | Queue | Villager (Male) |
| 22:28 | Research | Husbandry |
| 22:48 | Queue | Knight ×2 |
| 22:49 | Queue | Knight ×2 |
| 23:02 | Queue | Knight |
| 23:02 | Queue | Knight |
| 23:19 | Build | Monastery |
| 23:30 | Research | Cavalier (upgrade) |
| 23:41 | Queue | Villager (Male) |
| 23:41 | Queue | Villager (Male) |
| 23:50 | Build | Farm |
| 23:51 | Build | Farm |
| 23:53 | Build | Farm |
| 23:57 | Queue | Knight |
| 24:03 | Build | Farm |
| 24:15 | Queue | Monk |
| 24:19 | Queue | Villager (Male) |
| 24:22 | Build | House |
| 24:23 | Build | House |
| 24:24 | Build | House |
| 24:24 | Build | House |
| 24:27 | Queue | Villager (Male) |
| 24:27 | Queue | Villager (Male) |
| 24:27 | Queue | Villager (Male) |
| 24:37 | Build | Farm |
| 24:43 | Queue | Villager (Male) |
Match timeline
| 2:19 | Redwood MC9 · wall_segment Palisade Wall x1 |
| 2:19 | Redwood MC9 · wall_segment Palisade Wall x1 |
| 4:58 | DS_Nexus · first_building Barracks |
| 5:16 | Redwood MC9 · wall_segment Palisade Wall x3 |
| 6:04 | Redwood MC9 · wall_segment Palisade Wall x1 |
| 6:22 | Redwood MC9 · wall_segment Palisade Wall x1 |
| 6:39 | Redwood MC9 · wall_segment Palisade Wall x3 |
| 7:50 | Redwood MC9 · wall_segment Palisade Wall x8 |
| 8:07 | DS_Nexus · wall_segment Palisade Wall x3 |
| 8:27 | Redwood MC9 · wall_segment Palisade Wall x1 |
| 8:28 | Redwood MC9 · wall_segment Palisade Wall x1 |
| 9:15 | Redwood MC9 · first_building Barracks |
| 9:26 | Redwood MC9 · age_up feudal |
| 9:57 | Redwood MC9 · first_building Stable |
| 10:41 | DS_Nexus · age_up feudal |
| 11:19 | Redwood MC9 · wall_segment Palisade Wall x10 |
| 11:26 | DS_Nexus · first_building Archery Range |
| 11:35 | Redwood MC9 · wall_segment Palisade Wall x9 |
| 11:42 | DS_Nexus · wall_segment Palisade Wall x14 |
| 11:51 | DS_Nexus · wall_segment Palisade Wall x4 |
| 12:16 | DS_Nexus · wall_segment Palisade Wall x10 |
| 13:33 | DS_Nexus · wall_segment Palisade Wall x3 |
| 13:56 | DS_Nexus · wall_segment Palisade Wall x1 |
| 19:50 | Redwood MC9 · age_up castle |
| 20:07 | DS_Nexus · age_up castle |
| 21:45 | DS_Nexus · first_building Stable |
| 23:19 | Redwood MC9 · first_building Monastery |
| 24:12 | DS_Nexus · first_market_buy 100 food |
| 24:56 | DS_Nexus · first_market_sell 100 wood |
| 25:56 | DS_Nexus · first_building Monastery |
| 34:16 | Redwood MC9 · first_market_sell 500 wood |
| 36:19 | DS_Nexus · first_building Castle |
| 39:44 | Redwood MC9 · resign |
[ AI ANALYSIS · 1 CREDIT ]
What really happened in this match?
Wolo.gg analyzes every decision: build order, eco, micro, common mistakes by bracket. Personalized analysis on WhatsApp or Discord in 30 seconds.
Civ guide
Dravidians
Perfil
Jugador #3133802